 Dungeon Crawl Stone Soup version 0.31-a0-187-gba352fbbf7 (webtiles) character file.

Game seed: 15322087759092222559

2195 qw the Skirmisher (level 9, 0/51 HPs)
             Began as a Deep Elf Hunter on June 22, 2023.
             Was a Follower of Okawaru.
             Slain by a killer bee (3 damage)
             ... on level 7 of the Dungeon.
             The game lasted 00:02:49 (6333 turns).

qw the Skirmisher (Deep Elf Hunter)                 Turns: 6333, Time: 00:02:50

Health: 0/51       AC:  9    Str: 12    XL:     9   Next: 12%
Magic:  2/4        EV: 16    Int: 15    God:    Okawaru [*.....]
Gold:   367        SH:  0    Dex: 18    Spells: 8/8 levels left

rFire   . . .        Y - +1 orcbow (antimagic)
rCold   . . .        (shield currently unavailable)
rNeg    + . .        f - +0 ring mail
rPois   .            l - +0 helmet
rElec   .            h - +0 cloak
rCorr   .            (no gloves)
SInv    .            (no boots)
Will    .....        (no amulet)
Stlth   +++          b - ring of positive energy
HPRegen 0.28/turn    (no ring)
MPRegen 0.09/turn

%: no passive effects
@: lethally poisoned (0 -> -6), about to teleport, heroic
A: no striking features
a: Renounce Religion, Heroism


You were on level 7 of the Dungeon.
You worshipped Okawaru.
Okawaru was aware of your devotion.
You visited 2 branches of the dungeon, and saw 8 of its levels.

You collected 412 gold pieces.
You spent 45 gold pieces at shops.


   Skills:
 - Level 3.3(8.3) Fighting
 + Level 14.1(19.1) Ranged Weapons
 - Level 1.6(6.6) Armour
 - Level 5.0(10.0) Dodging
 - Level 1.2(6.2) Stealth
 + Level 2.8 Invocations


You had 8 spell levels left.
You didn't know any spells.
Your spell library was empty.

Inventory:

Hand Weapons
 Y - a +1 antimagic orcbow (weapon)
Armour
 f - a +0 ring mail (worn)
 h - a +0 cloak (worn)
 l - a +0 helmet (worn)
Jewellery
 b - a ring of positive energy (left hand)
Scrolls
 a - 5 scrolls of teleportation
 k - a scroll of identify
Potions
 c - a potion of enlightenment
 d - 2 potions of might
 e - a potion of degeneration {unknown}
 g - 3 potions of curing
 i - a potion of mutation {unknown}
 m - a potion of resistance {unknown}

Dungeon Overview and Level Annotations

Branches:
Dungeon (7/15)             Temple (1/1) D:5

Altars:
Ashenzari
Cheibriados
Dithmenos
Hepliaklqana
Kikubaaqudgha
Nemelex Xobeh
Okawaru
Qazlal
Sif Muna
Vehumet
Wu Jian
Xom
Yredelemnul
Lugonu

Shops:
D:2 [


Message History

You shoot an arrow. The arrow hits the killer bee!!
You kill the killer bee!
Okawaru accepts your kill.
You feel sick. The killer bee misses you.
You shoot an arrow.
The arrow closely misses the killer bee.
You feel sick.
The killer bee stings you but does no damage.
The killer bee stings you!
6326 ||| INVOKING Heroism.
You gain the combat prowess of a mighty hero.
You feel sick.
The killer bee stings you but does no damage.
The killer bee stings you.
You shoot an arrow. The arrow misses the killer bee.
You feel sick. The killer bee stings you.
You shoot an arrow. The arrow barely misses the killer bee.
The killer bee misses you. The killer bee stings you.
You shoot an arrow. The arrow hits the killer bee!
The killer bee is heavily wounded.
You feel sick. The killer bee stings you. The killer bee barely misses you.
6330 ||| READING 6 scrolls of teleportation.
As you read the scroll of teleportation, it crumbles to dust.
You feel strangely unstable.
You feel sick.
The killer bee stings you but does no damage.
The killer bee barely misses you.
You shoot an arrow.
The arrow hits the killer bee but does no damage.
The killer bee is heavily wounded.
You feel sick.
You are no longer poisoned.
The killer bee stings you but does no damage.
You shoot an arrow. The arrow misses the killer bee.
The killer bee misses you. The killer bee stings you.
You are lethally poisoned!
The killer bee poisons you!
You shoot an arrow. The arrow misses the killer bee.
You feel sick. The killer bee stings you.
You die...

##### #..#
#......##.#.# ##.###
#......##.#.# #...#
#......##.#.#
###.####.###+###.#.#
#...##.# #..
###.##.#
#.##.########
#..#.........
##...@....?#
####y.......
y##...... .. ......
... ..... .... .....
..... .... ......
####


You could see 2 killer bees.

Vanquished Creatures
  Grinder (D:5)
  Sigmund (D:2)
  A steam dragon (D:6)
  A black bear (D:6)
  A sky beast (D:6)
  An ogre (D:5)
  A centaur (D:4)
  A phantom (D:5)
  3 scorpions
  3 killer bees (D:7)
  A crimson imp (D:5)
  5 orc priests
  3 hounds
  A jelly (D:5)
  2 gnoll boudas
  4 iguanas
  A sleepcap (D:5)
  2 orc wizards (D:5)
  Robin (D:3)
  7 adders
  19 gnolls
  2 shadow imps
  A white imp (D:5)
  2 worms
  2 dart slugs
  14 orcs
  12 ball pythons
  14 endoplasms
  5 giant cockroaches
  17 goblins
  14 hobgoblins
  7 jackals
  8 kobolds
  9 quokkas
  2 bats
  4 frilled lizards
  5 rats
178 creatures vanquished.

Notes
Turn   | Place    | Note
-------+----------+-------------------------------------------
     0 | D:1      | qw the Deep Elf Hunter began the quest for the Orb.
     0 | D:1      | Reached XP level 1. HP: 12/12 MP: 3/3
     0 | D:1      | 0 ||| qw: Version: 0.3-a-9-g12657ce
     0 | D:1      | 0 ||| qw: Game counter: 1942
     0 | D:1      | 0 ||| qw: Always use a shield: true
     0 | D:1      | 0 ||| qw: God list: Okawaru
     0 | D:1      | 0 ||| qw: Allow faded altars: false
     0 | D:1      | 0 ||| qw: Do Orc after D:15 true
     0 | D:1      | 0 ||| qw: Do second Lair branch before Depths: true
     0 | D:1      | 0 ||| qw: Lair rune preference: random
     0 | D:1      | 0 ||| qw: Plans: Normal
     0 | D:1      | 0 ||| PLANNING D:1-11
   141 | D:1      | Reached XP level 2. HP: 16/16 MP: 4/4
   155 | D:1      | Reached skill level 6 in Ranged Weapons
   369 | D:1      | 369 ||| FLEEEEING.
   370 | D:1      | 370 ||| FLEEEEING.
   371 | D:1      | 371 ||| FLEEEEING.
   372 | D:1      | 372 ||| FLEEEEING.
   373 | D:1      | 373 ||| FLEEEEING.
   374 | D:1      | 374 ||| FLEEEEING.
   375 | D:1      | 375 ||| FLEEEEING.
   404 | D:1      | Reached XP level 3. HP: 16/20 MP: 5/5
   703 | D:1      | Reached skill level 7 in Ranged Weapons
   853 | D:1      | 853 ||| UPGRADING to +0 ring mail.
   863 | D:1      | 863 ||| DROPPING +0 leather armour.
   864 | D:1      | 864 ||| READING 3 scrolls labelled FILIHA ASHIRPH.
   869 | D:1      | 869 ||| READING 2 scrolls labelled VOREZU ADIATHU.
   870 | D:1      | 870 ||| READING scroll labelled FOZIXUANKU.
   871 | D:1      | 871 ||| READING scroll labelled KITECYU HEOGI.
   872 | D:1      | 872 ||| DROPPING scroll of butterflies.
   873 | D:1      | 873 ||| DROPPING scroll of immolation.
   945 | D:2      | Noticed Sigmund
   946 | D:2      | 946 ||| FLEEEEING.
   948 | D:2      | 948 ||| FLEEEEING.
   949 | D:2      | 949 ||| FLEEEEING.
   950 | D:2      | 950 ||| FLEEEEING.
   951 | D:2      | 951 ||| FLEEEEING.
   952 | D:2      | 952 ||| FLEEEEING.
   953 | D:2      | 953 ||| FLEEEEING.
   956 | D:2      | 956 ||| FLEEEEING.
   961 | D:2      | 961 ||| FLEEEEING.
   962 | D:2      | 962 ||| FLEEEEING.
   963 | D:2      | 963 ||| FLEEEEING.
   965 | D:2      | 965 ||| FLEEEEING.
   966 | D:2      | 966 ||| FLEEEEING.
   972 | D:2      | 972 ||| FLEEEEING.
   973 | D:2      | 973 ||| FLEEEEING.
   974 | D:2      | 974 ||| FLEEEEING.
   979 | D:2      | 979 ||| UPGRADING to ring of positive energy.
   982 | D:2      | 982 ||| Stepping ~*~*~tactically~*~*~ (water).
   985 | D:2      | HP: 4/20 [Sigmund/+0 scythe (8)]
   986 | D:2      | 986 ||| READING 2 scrolls of teleportation.
  1124 | D:2      | HP: 5/20 [something/magic dart (9)]
  1125 | D:2      | Killed Sigmund
  1126 | D:2      | Reached skill level 9 in Ranged Weapons
  1126 | D:2      | Reached XP level 4. HP: 6/25 MP: 6/6
  1126 | D:2      | Reached XP level 5. HP: 8/29 MP: 7/7
  1393 | D:2      | Noticed an animated shadow dragon scales
  1396 | D:2      | Found Satsad's Armour Shoppe.
  1409 | D:2      | Noticed an animated pearl dragon scales
  1417 | D:2      | 1417 ||| BUYING +0 cloak (45 gold).
  1417 | D:2      | Bought a +0 cloak for 45 gold pieces
  1417 | D:2      | 1417 ||| SHOPLISTING +2 helmet (165 gold, have 73).
  1417 | D:2      | 1417 ||| SHOPLISTING +2 ring mail of poison resistance (180
                  | gold, have 73).
  1417 | D:2      | 1417 ||| SHOPLISTING +4 scale mail of poison resistance
                  | (280 gold, have 73).
  1643 | D:2      | Found a faded altar of an unknown god.
  1856 | D:2      | 1856 ||| UPGRADING to +0 cloak.
  1861 | D:2      | 1861 ||| READING scroll labelled TIABECRA JOUSM.
  1862 | D:2      | 1862 ||| READING scroll labelled HAXTASH VUAL.
  1863 | D:2      | 1863 ||| READING scroll labelled NODOEN PU IFU.
  1964 | D:2      | 1964 ||| READING scroll labelled NUXKOT MEUSM.
  1965 | D:2      | 1965 ||| READING scroll labelled NAUTRA XOCOIDGH.
  1966 | D:2      | 1966 ||| DRINKING 2 dark potions.
  1967 | D:2      | 1967 ||| DRINKING 3 fizzy blue potions.
  1969 | D:2      | 1969 ||| Stepping ~*~*~tactically~*~*~ (cloud).
  2232 | D:3      | Found a stormy altar of Qazlal.
  2300 | D:3      | Noticed Robin
  2307 | D:3      | Reached XP level 6. HP: 26/35 MP: 8/8
  2310 | D:3      | Killed Robin
  2315 | D:3      | 2315 ||| FLEEEEING.
  2316 | D:3      | 2316 ||| FLEEEEING.
  2323 | D:3      | 2323 ||| FLEEEEING.
  2324 | D:3      | 2324 ||| FLEEEEING.
  2325 | D:3      | 2325 ||| FLEEEEING.
  2326 | D:3      | 2326 ||| FLEEEEING.
  2327 | D:3      | 2327 ||| FLEEEEING.
  2893 | D:3      | 2893 ||| UPGRADING to +0 helmet.
  2898 | D:3      | 2898 ||| DRINKING 2 sapphire potions.
  2978 | D:4      | HP: 5/35 [centaur/arrow (5)]
  2979 | D:4      | 2979 ||| READING 4 scrolls of teleportation.
  2981 | D:4      | Reached skill level 1 in Armour
  3102 | D:4      | 3102 ||| SWAPPING to +1 antimagic orcbow.
  3103 | D:4      | 3103 ||| DROPPING +0 heavy shortbow.
  3337 | D:4      | Reached skill level 10 in Ranged Weapons
  3368 | D:4      | Reached skill level 3 in Dodging
  3368 | D:4      | Reached XP level 7. HP: 38/40 MP: 3/9
  3450 | D:4      | Found a radiant altar of Vehumet.
  3459 | D:4      | Found an ancient bone altar of Kikubaaqudgha.
  3460 | D:4      | Found a shimmering blue altar of Sif Muna.
  3843 | D:5      | Entered Level 5 of the Dungeon
  3881 | D:5      | Noticed Grinder
  3883 | D:5      | Paralysed by Grinder for 4 turns
  3894 | D:5      | Killed Grinder
  3895 | D:5      | Reached skill level 11 in Ranged Weapons
  4022 | D:5      | Reached skill level 12 in Ranged Weapons
  4043 | D:5      | Found a staircase to the Ecumenical Temple.
  4044 | D:5      | 4044 ||| PLANNING TEMPLE
  4044 | D:5      | 4044 ||| READING 2 scrolls of identify.
  4044 | D:5      | 4044 ||| IDENTIFYING white potion
  4045 | D:5      | 4045 ||| DROPPING potion of attraction.
  4050 | Temple   | Entered the Ecumenical Temple
  4059 | Temple   | 4059 ||| PLANNING OKAWARU WORSHIP
  4144 | Temple   | Became a worshipper of Warmaster Okawaru
  4145 | Temple   | 4145 ||| PLANNING D:1-11
  4208 | D:5      | Reached XP level 8. HP: 37/45 MP: 3/10
  4589 | D:5      | Reached skill level 3 in Fighting
  5168 | D:5      | 5168 ||| DROPPING scarf of invisibility.
  5169 | D:5      | 5169 ||| READING scroll labelled LORAIPT KUGU.
  5170 | D:5      | 5170 ||| READING 3 scrolls of identify.
  5170 | D:5      | 5170 ||| IDENTIFYING green potion
  5171 | D:5      | 5171 ||| READING 2 scrolls of identify.
  5171 | D:5      | 5171 ||| IDENTIFYING clear potion
  5172 | D:5      | 5172 ||| DROPPING potion of brilliance.
  5173 | D:5      | 5173 ||| DROPPING potion of berserk rage.
  5212 | D:6      | 5212 ||| Stepping ~*~*~tactically~*~*~ (cloud).
  5215 | D:6      | Reached skill level 13 in Ranged Weapons
  5261 | D:6      | 5261 ||| FLEEEEING.
  5262 | D:6      | 5262 ||| FLEEEEING.
  5267 | D:6      | 5267 ||| FLEEEEING.
  5268 | D:6      | 5268 ||| FLEEEEING.
  5269 | D:6      | 5269 ||| FLEEEEING.
  5270 | D:6      | 5270 ||| STAIRDANCE
  5313 | D:6      | 5313 ||| STAIRDANCE
  5360 | D:6      | Reached * piety under Okawaru
  5370 | D:6      | 5370 ||| INVOKING Heroism.
  5627 | D:6      | 5627 ||| INVOKING Heroism.
  5730 | D:6      | Reached skill level 14 in Ranged Weapons
  5897 | D:6      | Reached skill level 1 in Invocations
  5990 | D:6      | 5990 ||| INVOKING Heroism.
  5991 | D:6      | 5991 ||| INVOKING Heroism.
  5997 | D:6      | Reached XP level 9. HP: 51/51 MP: 1/12
  6142 | D:7      | 6142 ||| INVOKING Heroism.
  6326 | D:7      | 6326 ||| INVOKING Heroism.
  6329 | D:7      | HP: 8/51 [killer bee (6)]
  6330 | D:7      | 6330 ||| READING 6 scrolls of teleportation.
  6333 | D:7      | HP: 3/51 [poisoned by a killer bee]
  6333 | D:7      | Slain by a killer bee

Levels and vault maps discovered:
D:1:      minmay_arrival_shattered_statue, layout_loops_ring,
          dreamdust_princess_bridge
D:2:      layout_loops_ring, chequers_ecumenical_altar_grove, serial_shops,
          nicolae_shop_mannequins, nicolae_kite_square_tiling_tiny,
          serial_bayou_pond_b, minmay_three_crescents, uniq_sigmund
D:3:      minmay_spotlight, layout_basic, mainiacjoe_overflow_alcove_2,
          st_stairs_7, kennysheep_minor_cross, uniq_robin
D:4:      layout_basic, grunt_temple_overflow_magic_moments, kennysheep_nub,
          hangedman_decor_diamond_cutter
D:5:      layout_layer_cave, minmay_temple_entry_proselytizer, serial_rivers,
          chequers_serial_rivers_micro_e, chequers_serial_rivers_small_a,
          chequers_serial_rivers_micro_a, chequers_serial_rivers_micro_a,
          minmay_fire_ice_demons, uniq_grinder
D:6:      layout_basic, nicolae_elevator_lobby_asterisk
D:7:      layout_basic, amcnicky_altar_gilded
Temple:   kb_corrupted_temple

Skill      XL: |  1  2  3  4  5  6  7  8  9 |
---------------+----------------------------+-----
Ranged Weapons | 6 9 10 12 14 | 14.1
Fighting       | 2 3 |  3.3
Armour         | 1 |  1.6
Dodging        | 3 4 5 |  5.0
Invocations    | 1 2 |  2.8
Stealth        | |  1.2

Action                     |  1- 3 |  4- 6 |  7- 9 || total
---------------------------+-------+-------+-------++-------
   Fire: Shortbow          |   134 |    89 |       ||   223
         Orcbow            |       |    27 |   298 ||   325
 Invoke: Heroism           |       |       |     5 ||     5
    Use: Scroll            |     5 |     6 |     5 ||    16
         Potion            |       |     3 |       ||     3
 Armour: Leather armour    |    20 |       |       ||    20
         Ring mail         |       |    13 |    55 ||    68
  Dodge: Dodged            |    38 |    31 |    83 ||   152

Table legend:
 A = Non-vault XP
 B = Vault XP
 C = Vault XP percentage of total XP
 D = Non-vault monster count
 E = Vault monster count
 F = Vault count percentage of total count
                 A         B        C        D         E       F
            +---------+---------+-------+---------+---------+-------
      Total |    2422 |     714 |  22.8 |     145 |      33 |  18.5
            +---------+---------+-------+---------+---------+-------
        D:1 |      66 |       0 |   0.0 |      36 |       0 |   0.0
        D:2 |      26 |     251 |  90.6 |       8 |       9 |  52.9
        D:3 |      53 |      73 |  57.9 |      19 |      20 |  51.3
        D:4 |     338 |       0 |   0.0 |      28 |       0 |   0.0
        D:5 |     751 |     390 |  34.2 |      21 |       4 |  16.0
        D:6 |     863 |       0 |   0.0 |      24 |       0 |   0.0
        D:7 |     325 |       0 |   0.0 |       9 |       0 |   0.0
            +---------+---------+-------+---------+---------+-------
